[Event "GrandPrix_29.05"]
[Site "Chess.com"]
[Date "2020.05.29"]
[Round "5"]
[White "Lavrov_Maxim"]
[Black "tsaruk_maks"]
[Result "0-1"]
[WhiteElo "2267"]
[BlackElo "2269"]
[TimeControl "600+2"]
[EndTime "11:30:01 PDT"]
[Termination "tsaruk_maks won by resignation"]

1. e4 e6 2. d4 d5 3. e5 c5 4. c3 Nc6 5. Nf3 Qb6 6. a3 c4 7. Nbd2 Bd7 8. b3 cxb3 9. Nxb3 Rc8 10. Bd3 Nh6 11. O-O Be7 12. a4 Nf5 13. a5 Qc7 14. g4 Nh6 15. h3 Ng8 16. Bd2 f6 17. Re1 fxe5 18. dxe5 Bd8 19. Qb1 g6 20. Nbd4 a6 21. Bxg6+ hxg6 22. Qxg6+ Kf8 23. Nxe6+ Bxe6 24. Qxe6 Qf7 25.
Qxf7+ Kxf7 26. e6+ Kg7 27. Rab1 Nxa5 28. Nd4 Rxh3 29.
Nf5+ Kf8 30. c4 Rxc4 31. Bxa5 Rxg4+ 32. Kf1 Bxa5 33. Red1 Rh1+ 34. Ke2 Re4+ 35. Kd3 Rxd1+ 36. Rxd1 Rxe6 0-1

[Event "GrandPrix_29.05"]
[Site "Chess.com"]
[Date "2020.05.29"]
[Round "5"]
[White "DenisQ"]
[Black "Magicmaster17"]
[Result "0-1"]
[WhiteElo "2125"]
[BlackElo "2405"]
[TimeControl "600+2"]
[EndTime "11:30:01 PDT"]
[Termination "Magicmaster17 won by resignation"]

1. Nf3 Nf6 2. c4 g6 3. g3 Bg7 4. Bg2 c6 5. O-O d5 6. cxd5 cxd5 7. d4 O-O 8. Ne5 Ne4 9. Nc3 Bf5 10. Qb3 Nc6 11. Nxc6 bxc6 12. Nxe4 Bxe4 13. Bxe4 dxe4 14. Be3 Qd5 15. Qc2 Rfb8 16. Rfd1 a5 17. b3 a4 18.
bxa4 Rb4 19. Rab1 Rc4 20. Qb3 h5 21. Rdc1 Rcxa4 22. Rc5 Qd7 23. Qb7 Qxb7 24. Rxb7 Rxa2 25. Rxc6 Bf6 26. Kf1 Ra1+ 27. Kg2 Re1 28. Rc2 Raa1 29.
Rb8+ Kh7 30. Rf8 g5 31. f3 Kg7 32. Rfc8 Ra3 33. Kf2 Rh1 34. Kg2 Rd1 35. R8c3 exf3+ 36. Kxf3 Rxc3 37. Rxc3 Bxd4 38. Bxd4+ Rxd4 39. h3 f5 40. Rc6 Re4 41. Rb6 g4+ 42. hxg4 hxg4+ 43. Kf2 e6 44. Rb7+ Kf6 45. Rb8 Ra4 46. Rc8 Ke5 47. Rb8 Ke4 48. Re8 Ra6 49. Rb8 Rd6 50. Rb4+ Rd4 51. Rb6 e5 52. Rb5 f4 53. Rb3 Rc4 54. Ra3 Rb4 55. Rc3 Rd4 56. Ra3 Rd2 57. Ra4+ Kf5 58. Ra3 f3 0-1

[Event "GrandPrix_29.05"]
[Site "Chess.com"]
[Date "2020.05.29"]
[Round "5"]
[White "BakaPG"]
[Black "Olga_Girya"]
[Result "1-0"]
[WhiteElo "2251"]
[BlackElo "2250"]
[TimeControl "600+2"]
[EndTime "11:30:01 PDT"]
[Termination "BakaPG won on time"]

1. e4 c6 2. d4 d5 3. Nd2 dxe4 4. Nxe4 Nf6 5. Nxf6+ exf6 6. c3 Bd6 7. Bd3 O-O 8. Qc2 Re8+ 9. Ne2 h5 10. Bd2 Nd7 11.
O-O-O Nf8 12. Kb1 Be6 13. Nf4 Bxf4 14. Bxf4 b5 15. Rhe1 Bd5 16. f3 a5 17. Be4 a4 18.
Bxd5 Qxd5 19. Re4 Ng6 20. Bg3 f5 21. Ree1 h4 22. Be5 f6 23. Bc7 Rac8 24. Bb6 Re6 25. Rxe6 Qxe6 26. g4 hxg3 27. hxg3 Ne7 28. c4 Qxc4 29.
Qxc4+ bxc4 30. Rc1 Nd5 31. Ba5 Ra8 32. Bd2 a3 33. Rxc4 axb2 34. Kxb2 Ra6 35. Kb3 Kf7 36. a4 Rb6+ 37. Kc2 Ke6 38. a5 Ra6 39. Kd3 Nc7 40. g4 fxg4 41. fxg4 Kd7 42. Rc1 Ra8 43. Rb1 Nb5 44. d5 Rh8 45. dxc6+ Kxc6 46.
Rc1+ Kd5 47. Be3 Rd8 48. a6 Ke5+ 49. Ke2 Ke6 50. Rc6+ Rd6 51. a7 Nxa7 52. Rxd6+ Kxd6 53. Bxa7 Ke5 54. Kf3 g5 55. Bb8+ Kd5 56. Ke3 1-0

[Event "GrandPrix_29.05"]
[Site "Chess.com"]
[Date "2020.05.29"]
[Round "5"]
[White "MAS_1704"]
[Black "Armen_Barseghyan"]
[Result "0-1"]
[WhiteElo "2155"]
[BlackElo "2415"]
[TimeControl "600+2"]
[EndTime "11:30:02 PDT"]
[Termination "Armen_Barseghyan won on time"]

1. d4 Nf6 2. Nf3 g6 3. Bf4 Bg7 4.
e3 d6 5. Be2 Nh5 6. Bg5 h6 7. Bh4 g5 8. Bg3 Nxg3 9. hxg3 e6 10. Nc3 d5 11. Qd2 b6 12. O-O-O Bb7 13. Ne5 Nd7 14.
f4 Nxe5 15. dxe5 Qe7 16. Qd4 O-O-O 17. Qa4 a5 18. Nb5 Kb8 19. Nd4 Qc5 20. Bb5 Qb4 21.
Qxb4 axb4 22. Nc6+ Bxc6 23. Bxc6 f6 24. Rd4 fxe5 25.
Rxb4 Rd6 26. Bb5 gxf4 27. gxf4 e4 28. Rd1 e5 29. fxe5 Bxe5 30. Bf1 Rf8 31. a4 Bf6 32. c4 c5 33. Rb5 d4 34. exd4 Bxd4 35. Re1 Rf2 36.
a5 Ka7 37. axb6+ Rxb6 38. Rxb6 Kxb6 39. b3 Ka5 40. g4 Kb4 41. Be2 Bc3 0-1

[Event "GrandPrix_29.05"]
[Site "Chess.com"]
[Date "2020.05.29"]
[Round "5"]
[White "Bulldog167"]
[Black "AsadliVugar"]
[Result "0-1"]
[WhiteElo "2389"]
[BlackElo "2417"]
[TimeControl "600+2"]
[EndTime "11:30:09 PDT"]
[Termination "AsadliVugar won by resignation"]

1. Nf3 Nf6 2. e3 g6 3. b3 Bg7 4.
Bb2 O-O 5. d4 b6 6. c4 Bb7 7.
Be2 d6 8. O-O Nbd7 9. d5 c6 10.
dxc6 Bxc6 11. Nc3 a6 12. Nd4 Bb7 13. Bf3 Qc7 14. Nd5 Nxd5 15. cxd5 Ne5 16. Rc1 Qd7 17. Be4 f5 18. Ne6 Rfc8 19. Rxc8+ Rxc8 20. Nxg7 fxe4 21. Ne6 Nd3 22. Ba1 Rc1 23. Qd2 Rxf1+ 24. Kxf1 Qb5 25. Kg1 Qxd5 26. Qc3 Ne5 27. Nd4 Nd7 28. Qc7 Qc5 29. Qd8+ Kf7 30. Bb2 Qc8 31. Qxc8 Bxc8 32. Ne2 e5 33. Kf1 Ke6 34. Ke1 Nc5 35. Nc1 a5 36.
Ba3 d5 37. b4 axb4 38. Bxb4 d4 39. Kd2 Kd5 40. f3 Ba6 41. Nb3 exf3 42. gxf3 Bc4 43. Nc1 Ne6 44. Be7 dxe3+ 45. Kxe3 Nd4 46. Bd8 b5 47. a3 Nc2+ 48. Kd2 Nd4 49. Ke3 Nf5+ 50. Kd2 h5 51. Ba5 h4 52. Bd8 h3 53. Ba5 Nd4 54.
Ke3 Nf5+ 55. Kd2 Ng3 0-1

[Event "GrandPrix_29.05"]
[Site "Chess.com"]
[Date "2020.05.29"]
[Round "5"]
[White "LiamVrolijk"]
[Black "Benjoneliere44"]
[Result "1-0"]
[WhiteElo "2352"]
[BlackElo "2090"]
[TimeControl "600+2"]
[EndTime "11:30:09 PDT"]
[Termination "LiamVrolijk won by resignation"]

1. d4 d6 2. e4 g6 3. c4 Bg7 4. Nc3 Nf6 5. Be2 O-O 6. h4 c5 7. d5 e6 8. h5 exd5 9. exd5 Re8 10. h6 Bh8 11. Bg5 a6 12. a4 Qb6 13. a5 Qxb2 14.
Na4 Qe5 15. Nf3 Qe7 16. Nb6 Ra7 17. Ra3 Nbd7 18. Re3 Qf8 19. Nxc8 Rxe3 20. Nxa7 Re7 21. Nc6 Re8 22. O-O Rc8 23. Nce5 dxe5 24. Qb1 Rb8 25.
Nd2 Ne8 26. f4 f5 27. fxe5 Bxe5 28. Nf3 Bd6 29. Bd3 Nef6 30. Re1 b6 31. axb6 Rxb6 32. Qa1 Ng4 33. Re6 Nxh6 34. Qe1 Rb8 35. Bxh6 Qxh6 36. Rxd6 Nf8 37. Rxa6 Qf4 38. Qd2 Qg3 39. Qf2 Qf4 40. Ra1 Nd7 41. Re1 Rb3 42. Bf1 Nf6 43. Ne5 Qg5 44.
Qxc5 Kg7 45. Qe7+ Kh6 46. Nf7+ 1-0

[Event "GrandPrix_29.05"]
[Site "Chess.com"]
[Date "2020.05.29"]
[Round "5"]
[White "Hero_in_my_life"]
[Black "Mesropov_Konstantin"]
[Result "0-1"]
[WhiteElo "2138"]
[BlackElo "2177"]
[TimeControl "600+2"]
[EndTime "11:30:09 PDT"]
[Termination "Mesropov_Konstantin won by resignation"]

1. e4 e6 2. d4 d5 3. Nd2 Nc6 4.
Ngf3 Nf6 5. exd5 exd5 6. c3 Bf5 7. Bb5 Bd6 8. Qe2+ Qe7 9. Qxe7+ Kxe7 10. O-O Rhe8 11.
Ne5 Bxe5 12. dxe5 Nd7 13. Nf3 Be4 14. Bf4 Bxf3 15. gxf3 h6 16. Rfe1 Nf8 17. Rad1 Rad8 18. e6 Nxe6 19. Bxc7 Rd7 20. Bg3 d4 21. cxd4 Rxd4 22.
Rxd4 Nxd4 23. Bxe8 Nxf3+ 24. Kf1 Nxe1 25. Bxf7 Kxf7 26.
Kxe1 Kf6 27. Kd2 Kf5 28. Kd3 g5 29. Kc4 Ke4 30. b4 h5 31. h4 gxh4 32. Bxh4 Nd4 33. Kc5 b6+ 34. Kc4 a6 35. a4 Nf3 36. Bd8 Ne5+ 37.
Kc3 b5 38. axb5 axb5 39. Bf6 Nf3 0-1

[Event "GrandPrix_29.05"]
[Site "Chess.com"]
[Date "2020.05.29"]
[Round "5"]
[White "Korona_91"]
[Black "Sunnika"]
[Result "0-1"]
[WhiteElo "1938"]
[BlackElo "2107"]
[TimeControl "600+2"]
[EndTime "11:30:20 PDT"]
[Termination "Sunnika won by resignation"]

1. e4 e6 2. Qe2 Nf6 3. e5 Nd5 4. d4 c5 5. c4 Nc7 6. dxc5 Bxc5 7. Nc3 d5 8. Nf3 Nc6 9. Bg5 Be7 10. h4 h6 11. Bxe7 Qxe7 12. O-O-O O-O 13. g4 Rd8 14. g5 h5 15. g6 fxg6 16. Qc2 Qf7 17.
Rh3 d4 18. Ne4 Qf4+ 19. Ned2 d3 20. Qc3 Qf5 21. Rg3 Na6 22. Rg5 Qf4 23. Bxd3 Nab4 24. Bb1 Rd3 25. Qxd3 Nxd3+ 26. Bxd3 Bd7 27. Rdg1 Nb4 28.
Bxg6 Bc6 29. Bxh5 Nxa2+ 30. Kb1 Nb4 31. Rxg7+ Kh8 32. Rf7 Qh6 33. Bg6 Rf8 34. Ng5 Qxg6+ 35. Ka1 Rxf7 36. h5 Qf5 37. h6 Qxf2 38. Ndf3 Rxf3 39. Rd1 Rf8 0-1

[Event "GrandPrix_29.05"]
[Site "Chess.com"]
[Date "2020.05.29"]
[Round "5"]
[White "BakuTurk"]
[Black "SipkeErnst"]
[Result "0-1"]
[WhiteElo "2067"]
[BlackElo "2105"]
[TimeControl "600+2"]
[EndTime "11:30:22 PDT"]
[Termination "SipkeErnst won by resignation"]

1. d4 d5 2. Nf3 c6 3. c4 e6 4. g3 dxc4 5. Bg2 Nd7 6. a4 Ngf6 7. O-O b6 8. Qc2 Ba6 9. Rd1 Qc7 10. e4 Rc8 11. Bf4 Qb7 12. Nbd2 Be7 13. Ne5 Nxe5 14. Bxe5 b5 15. axb5 cxb5 16. d5 Ng4 17.
Bxg7 Rg8 18. Bc3 Bc5 19. Rf1 b4 20. e5 exd5 21. Qxh7 Kf8 22. Ne4 dxe4 23. Bxe4 Qb6 24. e6 Bxf2+ 25. Kg2 Qxe6 26. Bxb4+ Rc5 27. Bxc5+ Bxc5 28. Rxa6 Bb6 29. Ra3 Ne3+ 30. Rxe3 Bxe3 31. Rd1 Qf6 32. Bf3 Qxb2+ 33. Kh1 Qf6 34. Rf1 Rh8 35. Qe4 Qb2 36. Bg2 Qd4 37. Qe6 Rh7 38. Qc8+ Kg7 39. Qg4+ Qxg4 0-1

[Event "GrandPrix_29.05"]
[Site "Chess.com"]
[Date "2020.05.29"]
[Round "5"]
[White "Sakkcapak"]
[Black "Meri-Arabidze"]
[Result "1/2-1/2"]
[WhiteElo "2083"]
[BlackElo "2007"]
[TimeControl "600+2"]
[EndTime "11:30:22 PDT"]
[Termination "Game drawn by repetition"]

1. c4 e6 2. g3 d5 3. Nf3 Nf6 4. Bg2 dxc4 5. Qa4+ Nbd7 6. Qxc4 c5 7. O-O b6 8. d3 Bb7 9. b3 Be7 10. Bb2 O-O 11.
Nbd2 a6 12. Rac1 b5 13. Qc3 Rc8 14. Rfd1 Qb6 15. Nf1 Rfd8 16. Ne3 Bf8 17. Qd2 h6 18. Ne5 Bxg2 19. Nxg2 Nxe5 20. Bxe5 Nd5 21. Ne3 Ne7 22.
Bc3 Nc6 23. Ng4 Qb7 24. Qe3 Nd4 25. Ne5 Be7 26. h4 Qd5 27. Bxd4 Qxd4 28. Qxd4 Rxd4 29. e3 Rdd8 30. Kf1 Bf6 31. Nf3 Kf8 32. Ke2 h5 33. Nd2 g6 34. Rc2 Be7 35. Rdc1 Rd5 36. Ne4 Rcd8 37.
Nxc5 Bxc5 38. Rxc5 Rxd3 39. R1c2 R3d6 40. Rc7 Ke8 41. Ra7 R8d7 42. Rc8+ Ke7 43. Rxd7+ Kxd7 44. Ra8 e5 45. e4 Ke6 46. Ke3 Rc6 47. Re8+ Kf6 48.
Ra8 Ke6 49. Re8+ Kf6 50. Ra8 Ke6 1/2-1/2

[Event "GrandPrix_29.05"]
[Site "Chess.com"]
[Date "2020.05.29"]
[Round "5"]
[White "vladislavkovalev"]
[Black "Evgeny81"]
[Result "1-0"]
[WhiteElo "2719"]
[BlackElo "2441"]
[TimeControl "600+2"]
[EndTime "11:30:24 PDT"]
[Termination "vladislavkovalev won by resignation"]

1. e4 e5 2. Nf3 Nc6 3. Bb5 a6 4. Ba4 Nf6 5. O-O Be7 6. d3 b5 7. Bb3 d6 8. a3 O-O 9. Nc3 Nb8 10. Ng5 h6 11. f4 exf4 12. Nxf7 Rxf7 13. Bxf4 Qe8 14.
d4 Kh8 15. e5 dxe5 16. Bxf7 Qxf7 17. dxe5 Ng8 18. Bxh6 Qg6 19. Be3 Bb7 20. Nd5 Nc6 21.
Rf3 Bg5 22. Rg3 Bxe3+ 23. Nxe3 Qe4 24. Qh5+ Nh6 25. Rf1 Nd4 26. Rf6 Ne2+ 27. Qxe2 gxf6 28. Qh5 Qf4 29. Rh3 Kg7 30. Qxh6+ Qxh6 31. Nf5+ Kg6 32. Nxh6 Rd8 33. exf6 Rd2 34. f7 Rxg2+ 35. Kf1 Kg7 36. Rg3+ Rxg3 37. hxg3 Be4 38. c3 c5 39. Kf2 a5 40.
Ke3 Bc2 41. Kf4 b4 42. Ke5 bxa3 43. bxa3 c4 44. Ke6 Kf8 45. Kf6 1-0

[Event "GrandPrix_29.05"]
[Site "Chess.com"]
[Date "2020.05.29"]
[Round "5"]
[White "GMStefanova"]
[Black "Shahinyan_ChessMood"]
[Result "0-1"]
[WhiteElo "2324"]
[BlackElo "2373"]
[TimeControl "600+2"]
[EndTime "11:30:29 PDT"]
[Termination "Shahinyan_ChessMood won by resignation"]

1. d4 Nf6 2. Nf3 c5 3. d5 e6 4.
Nc3 b5 5. dxe6 fxe6 6. Nxb5 d5 7. e3 a6 8. Nc3 Bb7 9. e4 d4 10. e5 Nfd7 11. Nb1 Nc6 12. Bf4 Be7 13. Bc4 Qb6 14. Nbd2 Na5 15. Bd3 O-O 16. Bg3 c4 17. Bxc4 Bxf3 18.
gxf3 Nxc4 19. Nxc4 Qb4+ 20. Nd2 Qxb2 21. O-O Rac8 22.
Nb3 Rxc2 23. Qxd4 Nc5 24. Qxb2 Rxb2 25. Nd4 h5 26. Nc6 Bg5 27. h4 Bh6 28. Kg2 Kh7 29.
Rfb1 Rc2 30. Rb6 Rd2 31. a4 Be3 32. a5 Nd3 33. Rb3 Nxf2 34. Rf1 Ne4+ 35. Kh3 Nxg3 36. Kxg3 Bf4+ 0-1

[Event "GrandPrix_29.05"]
[Site "Chess.com"]
[Date "2020.05.29"]
[Round "5"]
[White "fm_magua"]
[Black "nurgyulsalimova"]
[Result "1/2-1/2"]
[WhiteElo "1820"]
[BlackElo "2189"]
[TimeControl "600+2"]
[EndTime "11:30:32 PDT"]
[Termination "Game drawn - insufficient material"]

1. e4 c6 2. d4 d5 3. e5 Bf5 4. h4 h5 5. c4 e6 6. Bg5 Qb6 7. Qd2 dxc4 8. Nc3 Ne7 9. Bxc4 Nd5 10. Nge2 Nd7 11. O-O Qb4 12. Bb3 Be7 13. Ng3 Bg6 14.
Bxe7 Qxe7 15. Nce4 O-O 16. Ng5 Qb4 17. Qd1 c5 18. Bxd5 exd5 19. e6 Nf6 20. exf7+ Bxf7 21. Nf5 cxd4 22. a3 Qb6 23. Re1 Ng4 24. Qd3 g6 25. Nxd4 Qd6 26. g3 Qf6 27. Re2 Rae8 28. Rae1 Rxe2 29.
Rxe2 Re8 30. Rxe8+ Bxe8 31. f3 Ne5 32. Qe3 Bd7 33. Ne2 Nc4 34. Qc5 Qb6 35. Qxb6 axb6 36. Nf4 Nxb2 37. Nxd5 Bc6 38. Nxb6 Kg7 39. Kf2 Kf6 40.
Ke3 Ke5 41. f4+ Kd6 42. Kd4 Nd1 43. Nc4+ Ke7 44. Ne5 Be8 45. Ne4 Nb2 46. Nc5 b6 47. Ncd3 Na4 48. Kc4 Kd6 49. Kb4 b5 50. g4 hxg4 51.
Nxg4 Ke6 52. Ne3 Nb6 53. Nc5+ Kf6 54. Ne4+ Ke6 55. Kc5 Na4+ 56. Kd4 Nb6 57. Ng5+ Kf6 58. Kc5 Na4+ 59. Kd6 Nc3 60. Nh7+ Kg7 61. Ke7 Kxh7 62. Kxe8 Nb1 63. Nc2 Kh6 64. Kf7 Kh5 65. Kf6 Nc3 66. Nd4 Nd5+ 67. Ke5 Nc3 68. f5 gxf5 69. Nxf5 Nb1 70.
Nd4 Nxa3 71. Nxb5 Nxb5 72. Kd5 Kxh4 1/2-1/2

[Event "GrandPrix_29.05"]
[Site "Chess.com"]
[Date "2020.05.29"]
[Round "5"]
[White "PresidenteMNE"]
[Black "Alexander_Donchenko"]
[Result "0-1"]
[WhiteElo "2537"]
[BlackElo "2769"]
[TimeControl "600+2"]
[EndTime "11:30:45 PDT"]
[Termination "Alexander_Donchenko won by resignation"]

1. d4 Nf6 2. Bg5 d5 3. e3 c5 4.
Bxf6 gxf6 5. c4 dxc4 6. Bxc4 cxd4 7. exd4 Nc6 8. d5 Ne5 9. Bb3 Rg8 10. Nf3 Rxg2 11.
Nxe5 fxe5 12. Qf3 Rg6 13. Nc3 Bh6 14. d6 Rf6 15. Qg3 Rg6 16. Qxe5 Bg7 17. Qxe7+ Qxe7+ 18. dxe7 Kxe7 19. O-O-O Bg4 20. Rhe1+ Kf8 21. f3 Bf5 22. Ne4 Rc8+ 23. Kd2 Bxb2 24. Ke3 Be5 25. h4 Rg2 26. Rd5 Re8 27. Red1 Rh2 28. Rb5 b6 29. Rdd5 f6 30. Rb4 Rxh4 31. Rc4 Be6 32. Rc7 0-1

[Event "GrandPrix_29.05"]
[Site "Chess.com"]
[Date "2020.05.29"]
[Round "5"]
[White "jafarlib"]
[Black "arminmusovic"]
[Result "1-0"]
[WhiteElo "2154"]
[BlackElo "2224"]
[TimeControl "600+2"]
[EndTime "11:30:46 PDT"]
[Termination "jafarlib won by resignation"]

1. e4 c6 2. Nc3 d5 3. Nf3 dxe4 4.
Nxe4 Nf6 5. Nxf6+ exf6 6. d4 Bd6 7. Bd3 O-O 8. O-O Bg4 9. h3 Bh5 10. c4 Nd7 11. Be3 Re8 12. Re1 Rc8 13. g4 Bg6 14. Nh4 Nf8 15. Nf5 Bb8 16. Qf3 Qc7 17. Qg2 Ne6 18. Rad1 Rcd8 19. Bb1 Qa5 20. Kf1 Qa6 21. b3 Qa5 22. Qf3 Kh8 23. h4 Qc7 24. h5 Bxf5 25. Qxf5 Nf8 26. h6 Qh2 27. Ke2 Ng6 28.
Rh1 Rxe3+ 29. Kxe3 Re8+ 30. Kd3 Qd6 31. Kc3 a5 32. c5 Qf8 33. hxg7+ Qxg7 34. Rde1 Rd8 35. Rh3 Bf4 36. Re4 Bc7 37. Rhe3 Qf8 38. Qxf6+ Kg8 39.
Re7 Bf4 40. Re2 Bh6 41. Rxf7 Qxf7 42. Qxd8+ Nf8 43. Bf5 Kh8 44. Re7 Qf6 45. Rxh7+ Kg8 46. Qxf6 Bd2+ 1-0

[Event "GrandPrix_29.05"]
[Site "Chess.com"]
[Date "2020.05.29"]
[Round "5"]
[White "SacrificeGod"]
[Black "RaphaeI"]
[Result "0-1"]
[WhiteElo "2306"]
[BlackElo "2299"]
[TimeControl "600+2"]
[EndTime "11:30:52 PDT"]
[Termination "RaphaeI won by resignation"]

1. e4 c5 2. Nc3 Nc6 3. g3 g6 4. Bg2 Bg7 5. d3 d6 6. f4 e6 7.
Nf3 Nge7 8. O-O O-O 9. Be3 b6 10. Bf2 Ba6 11. Qd2 Qd7 12. Rae1 Rad8 13. e5 Qc7 14.
Ne4 dxe5 15. fxe5 Nxe5 16. Nxe5 Bxe5 17. Qh6 Nf5 18. Qh3 h5 19. Ng5 Bf6 20. Ne4 Bg7 21.
g4 hxg4 22. Qxg4 c4 23. Qh3 cxd3 24. Ng5 Bh6 25. Bd4 Rxd4 26. Rxf5 Bxg5 27. Rxe6 dxc2 28.
Rxg6+ fxg6 29. Rxf8+ Kxf8 30. Qh8+ Kf7 31. Qh7+ Kf6 0-1

[Event "GrandPrix_29.05"]
[Site "Chess.com"]
[Date "2020.05.29"]
[Round "5"]
[White "CherepZhenya"]
[Black "ulkaf961"]
[Result "1/2-1/2"]
[WhiteElo "2125"]
[BlackElo "2042"]
[TimeControl "600+2"]
[EndTime "11:31:01 PDT"]
[Termination "Game drawn by repetition"]

1. e4 e6 2. d4 d5 3. Nc3 Nf6 4. e5 Nfd7 5. f4 c5 6. Nf3 Nc6 7. Be3 cxd4 8. Nxd4 Bc5 9. Qd2 O-O 10. O-O-O a6 11.
Kb1 Nxd4 12. Bxd4 b5 13. Qf2 Qc7 14. Bd3 Bxd4 15. Qxd4 Rb8 16. h4 b4 17. Ne2 a5 18.
h5 a4 19. h6 g6 20. g4 a3 21.
b3 Qc5 22. Qxc5 Nxc5 23. g5 Bb7 24. Nd4 Rfc8 25. Rc1 Nxd3 26. cxd3 Ba6 27. Rh3 Kf8 28. Rc6 Rxc6 29. Nxc6 Rb5 30. Nd4 Rc5 31. Nc2 Rc3 32.
Nxb4 Bb5 33. Rh1 Bxd3+ 34. Nxd3 Rxd3 35. Rc1 Rf3 36. Rc8+ Ke7 37. Rh8 Rxf4 38. Rxh7 Rg4 39. Rh8 Rxg5 40. Ra8 Rh5 41. Rxa3 Rxh6 42. Ra7+ Ke8 43.
a4 Rh4 44. a5 Rb4 45. Kb2 d4 46. a6 Rb6 47. Ra8+ Ke7 48. a7 Rb7 49. Kc2 d3+ 50. Kxd3 Rxb3+ 51. Kc4 Ra3 52. Kc5 g5 53. Kb6 Rb3+ 54.
Kc6 Ra3 55. Kb6 Rb3+ 56. Kc6 Ra3 57. Kb6 1/2-1/2

[Event "GrandPrix_29.05"]
[Site "Chess.com"]
[Date "2020.05.29"]
[Round "5"]
[White "IljaJoke"]
[Black "Salnaa"]
[Result "0-1"]
[WhiteElo "2238"]
[BlackElo "2160"]
[TimeControl "600+2"]
[EndTime "11:31:02 PDT"]
[Termination "Salnaa won by resignation"]

1. d4 d5 2. c4 c6 3. cxd5 cxd5 4. Bf4 Nc6 5. e3 Nf6 6. Bb5 Qb6 7. Nc3 Bd7 8. Nf3 a6 9. Bd3 Qxb2 10. Rc1 Nb4 11. Bb1 Rc8 12. Qd2 Qxd2+ 13. Kxd2 e6 14. Ne5 Nh5 15. Nxd7 Kxd7 16. Na4 Rxc1 17. Rxc1 Nxf4 18.
Nb6+ Kd6 19. Nc8+ Kd7 20. Nb6+ Ke7 21. exf4 Nc6 22. Bd3 Kd6 23. Nc8+ Kd7 24. Nb6+ Kc7 25. Na4 Bb4+ 26. Ke3 Rc8 27. g4 b5 28. Nc5 Bxc5 29. Rxc5 Kb7 30. f5 h6 31. fxe6 fxe6 32. Bg6 Nd8 33.
f4 Rxc5 34. dxc5 Kc7 35. Be8 Nc6 36. Bf7 Kd7 37. f5 exf5 38. gxf5 Nb4 39. Kd4 Nxa2 40.
Be6+ Kc7 41. Bxd5 Nb4 42. Be4 a5 43. Kc3 Na6 44. Kd4 Nb8 45. Bd3 Nc6+ 46. Kc3 Na7 47. Be4 Kd7 48. h4 Ke7 49. Kd4 Kd7 50. Kc3 Kc7 51. Bg2 Nc6 52. Bf1 b4+ 53. Kb3 Nd4+ 54. Ka4 Kc6 55. Kxa5 Kxc5 56. Bd3 Nf3 57. h5 Ne5 58.
Bb1 b3 59. Ka4 Kc4 60. Ka3 Kc3 61. Be4 Nc4+ 62. Ka4 Nd2 63. f6 gxf6 64. Bf5 b2 65. Kb5 Kd4 0-1

[Event "GrandPrix_29.05"]
[Site "Chess.com"]
[Date "2020.05.29"]
[Round "5"]
[White "Zubrrr"]
[Black "temus_galaktionov"]
[Result "0-1"]
[WhiteElo "2574"]
[BlackElo "2553"]
[TimeControl "600+2"]
[EndTime "11:31:04 PDT"]
[Termination "temus_galaktionov won by resignation"]

1. c4 c6 2. g3 g6 3. Bg2 Bg7 4. Nf3 d6 5. O-O Nd7 6. Nc3 Ngf6 7. d4 O-O 8. e4 e5 9. h3 Re8 10. Re1 Qc7 11. Be3 a6 12. Rc1 b6 13. c5 dxc5 14.
dxe5 Nxe5 15. Nxe5 Qxe5 16. f4 Qc7 17. e5 Nh5 18. g4 Nxf4 19. Bxf4 Bxe5 20. Rxe5 Rxe5 21. Bxe5 Qxe5 22. Qd8+ Kg7 23. Rf1 Qd4+ 24. Qxd4+ cxd4 25. Ne2 Ra7 26. Bxc6 d3 27. Nd4 h5 28. gxh5 Bxh3 29.
Rd1 Bg4 30. Rxd3 Bxh5 31. a4 f5 32. Rb3 b5 33. axb5 axb5 34. Rxb5 Kf6 35. Kf2 Bg4 36. Bf3 Ra4 37. Rb6+ Ke5 38. Bxg4 Rxd4 39. Be2 g5 40. b4 g4 41. b5 Rb4 42. Rg6 Rb2 43. Ke1 Ke4 44. b6 Ke3 45. Re6+ Kf4 46. Ba6 g3 47. Bb7 g2 48. Bxg2 Rxg2 49. b7 Rb2 50. Re7 Kf3 51. Rf7 f4 52. Kd1 Kg3 53. Kc1 Rb5 54. Kd2 f3 55.
Rg7+ Kf2 56. Rf7 Kg2 57. Rg7+ Kf1 58. Rf7 f2 59. Kd1 Rd5+ 60. Kc2 Rd8 61. Re7 Rg8 62. Rc7 Kg1 63. Rg7+ Rxg7 64. b8=Q f1=Q 0-1

[Event "GrandPrix_29.05"]
[Site "Chess.com"]
[Date "2020.05.29"]
[Round "5"]
[White "OK97"]
[Black "sergiochess83"]
[Result "1-0"]
[WhiteElo "2620"]
[BlackElo "2529"]
[TimeControl "600+2"]
[EndTime "11:31:06 PDT"]
[Termination "OK97 won on time"]

1. e4 c6 2. d4 d5 3. e5 Bf5 4. h4 h5 5. c4 e6 6. Nc3 dxc4 7.
Bxc4 Nd7 8. Nf3 Nb6 9. Be2 Bg4 10.
Bg5 Be7 11. Ne4 f6 12. exf6 gxf6 13. Bd2 Nd5 14. Rc1 Nh6 15. Bxh6 Rxh6 16. g3 Qa5+ 17.
Nfd2 Rg6 18. a3 Kf7 19. Kf1 Rag8 20. Bxg4 Rxg4 21. Qe2 Nc7 22. Qe3 Qb5+ 23. Kg2 Nd5 24. Qf3 Nf4+ 25. Kh2 Qf5 26. Nc4 Kf8 27. Ne3 1-0

[Event "GrandPrix_29.05"]
[Site "Chess.com"]
[Date "2020.05.29"]
[Round "5"]
[White "Vnebo"]
[Black "FCLitras"]
[Result "1/2-1/2"]
[WhiteElo "2022"]
[BlackElo "1824"]
[TimeControl "600+2"]
[EndTime "11:31:06 PDT"]
[Termination "Game drawn by repetition"]

1. e4 c6 2. d4 d5 3. Nc3 dxe4 4. Nxe4 Bf5 5. Ng3 Bg6 6. Be3 e6 7. h4 h6 8. h5 Bh7 9. Bd3 Bxd3 10. Qxd3 Nf6 11.
O-O-O Nbd7 12. f4 Bd6 13. Nf3 Nd5 14. Ne5 O-O 15. Ne4 N7f6 16. Nxf6+ Nxf6 17. Rhg1 Qa5 18. Nc4 Qd5 19. Nxd6 Qxd6 20. g4 Nd5 21. Bd2 Nxf4 22. Qf3 g5 23. hxg6 fxg6 24. Rdf1 g5 25. Qe4 Kg7 26.
Re1 Rae8 27. c4 Ng6 28. Kb1 b5 29. cxb5 cxb5 30. Qb7+ Re7 31. Qxb5 Rb8 32. Qa5 Reb7 33. Bc3 Qd5 34. Qxd5 exd5 35. Kc2 Rf7 36. Rgf1 Rbf8 37. Rxf7+ Rxf7 38. Re6 Rf2+ 39. Bd2 Nh4 40. Kd3 Rg2 41. Re7+ Kf6 42. Rxa7 Rxg4 43. a4 Nf3 44. Be3 Ne1+ 45.
Kd2 Nf3+ 46. Kd3 Ne1+ 47. Kd2 Nf3+ 48. Kd3 1/2-1/2

[Event "GrandPrix_29.05"]
[Site "Chess.com"]
[Date "2020.05.29"]
[Round "5"]
[White "Valeriy_Neverov"]
[Black "rasmussvane"]
[Result "1/2-1/2"]
[WhiteElo "2489"]
[BlackElo "2411"]
[TimeControl "600+2"]
[EndTime "11:31:09 PDT"]
[Termination "Game drawn by agreement"]

1. d4 d5 2. c4 e6 3. Nc3 a6 4.
cxd5 exd5 5. Bf4 Nf6 6. e3 Bd6 7. Bxd6 Qxd6 8. Bd3 O-O 9. h3 Re8 10. Nf3 Be6 11. O-O Nbd7 12. Rc1 c6 13. a3 Qe7 14. Na4 Ne4 15. b4 Nd6 16. Nc5 Nb6 17. a4 Bf5 18. a5 Bxd3 19. Qxd3 Nbc4 20. Nd2 Nxd2 21. Qxd2 Qg5 22.
Qd3 Re7 23. Rce1 Rae8 24. Re2 Nf5 25. Kh2 Nh4 26. Rg1 h5 27. Qd2 Rd8 28. Qe1 Nf5 29. f4 Qg6 30. g4 hxg4 31. hxg4 Nd6 32. Qh4 Rde8 33. Rg3 Nc4 34. Rh3 f6 35. f5 Qg5 36.
Qxg5 fxg5 37. Ne6 1/2-1/2

[Event "GrandPrix_29.05"]
[Site "Chess.com"]
[Date "2020.05.29"]
[Round "5"]
[White "Keks2017"]
[Black "Velis23"]
[Result "1-0"]
[WhiteElo "2274"]
[BlackElo "2163"]
[TimeControl "600+2"]
[EndTime "11:31:11 PDT"]
[Termination "Keks2017 won by resignation"]

1. g3 d5 2. Bg2 Nf6 3. d3 c6 4. Nd2 Bf5 5. e4 Bg6 6. f4 e6 7. Qe2 Bc5 8. Ngf3 dxe4 9. dxe4 Ng4 10. Nb3 Bf2+ 11. Kf1 Bb6 12. Nfd4 Bxd4 13. Qxg4 Bb6 14.
Qe2 O-O 15. Bf3 a5 16. a4 Nd7 17. Kg2 f6 18. Rd1 Qe7 19. Be3 Bxe3 20. Qxe3 e5 21. f5 Bf7 22. Rd2 Rfd8 23. Rad1 Kf8 24. Qc3 Bxb3 25.
cxb3 Nb6 26. Rxd8+ Rxd8 27. Rxd8+ Qxd8 28. Qxa5 Qd4 29. Qc3 Nd7 30. b4 Nb6 31. a5 Nc4 32. Qxd4 exd4 33.
b3 Ne5 34. Be2 Ke7 35. Kf2 Kd6 36. Ke1 c5 37. b5 d3 38. Bf1 c4 39. bxc4 Nxc4 40. a6 bxa6 41. bxa6 d2+ 42. Kd1 Ne3+ 43. Kxd2 Nxf1+ 44. Ke1 Kc6 45. Kxf1 Kb6 46. Ke2 Kc6 47.
Kd3 Kb6 48. Kd4 Kxa6 49. Kd5 Kb6 50. Ke6 Kc6 51. Kf7 Kd6 52. Kxg7 Ke5 53. Kxh7 Kxe4 54. Kg6 1-0